| TOP OF THE 1ST |
|
Palm Beach Nationals batting - Pitching for Roswell Invaders : RHP John Turner
|
|
Pitching: RHP John Turner
|
|
|
Batting: RHB Lou Ortman
|
0-0: Ground out 5-3 (Groundball, 6S, EV 84.4 MPH)
|
|
Batting: RHB Jess Thomas
|
0-0: Bunted foul 0-1: Ground out 5-3 (Groundball, 56S, EV 71.9 MPH)
|
|
Batting: SHB Tim Schulz
|
0-0: Foul Ball, location: 2F 0-1: Swinging Strike 0-2: Foul Ball, location: 2F 0-2: Strikes out swinging
|
| Top of the 1st over - 0 runs, 0 hits, 0 errors, 0 left on base; Palm Beach 0 - Roswell 0 |
| BOTTOM OF THE 1ST |
|
Roswell Invaders batting - Pitching for Palm Beach Nationals : RHP Gabriel Bass
|
|
Pitching: RHP Gabriel Bass
|
|
|
Batting: LHB Marshall Rives
|
0-0: Called Strike 0-1: Ball 1-1: SINGLE (Line Drive, 78S, EV 86.9 MPH)
|
|
Batting: RHB T.J. House
|
0-0: Called Strike 0-1: Ball 1-1: Foul Ball, location: 2F 1-2: Ball 2-2: Foul Ball, location: 2F 2-2: Ball 3-2: Foul Ball, location: 2F 3-2: SINGLE (Groundball, 5S, EV 70.6 MPH) (infield hit) Marshall Rives to second
|
|
Batting: RHB Juan Mejia
|
0-0: SINGLE (Groundball, 6D, EV 111.2 MPH) Marshall Rives to third T.J. House to second
|
|
Batting: LHB Ivan Cortez
|
0-0: GRAND SLAM HOME RUN (Flyball, 9D, EV 95.6 MPH), Distance : 384 ft
|
|
Batting: RHB Cullen Kelley
|
0-0: Swinging Strike 0-1: Swinging Strike 0-2: Ball 1-2: Ball 2-2: Foul Ball, location: 2F 2-2: Ball 3-2: Strikes out looking
|
|
Batting: LHB Andy Fischer
|
0-0: Foul Ball, location: 2F 0-1: Ball 1-1: Foul Ball, location: 2F 1-2: Strikes out looking
|
|
Batting: RHB Dan Long
|
0-0: Swinging Strike 0-1: Foul Ball, location: 2F 0-2: Ball 1-2: Strikes out swinging
|
| Bottom of the 1st over - 4 runs, 4 hits, 0 errors, 0 left on base; Palm Beach 0 - Roswell 4 |
| TOP OF THE 2ND |
|
Palm Beach Nationals batting - Pitching for Roswell Invaders : RHP John Turner
|
|
Batting: RHB Ben Lowe
|
0-0: SINGLE (Line Drive, 6D, EV 96.9 MPH)
|
|
Batting: LHB Mike Trentham
|
0-0: Called Strike 0-1: Ball 1-1: Ball 2-1: Called Strike 2-2: Fielders Choice at 2nd, 2-4 (Groundball, 15S, EV 68.1 MPH)
|
|
Batting: RHB Larry Myers
|
0-0: Ball 1-0: Ball 2-0: Called Strike 2-1: Foul Ball, location: 2F 2-2: Ball 3-2: Base on Balls Mike Trentham to second
|
|
Batting: RHB Abdul-Ra'uf bin Maimun
|
0-0: Ball 1-0: Foul Ball, location: 2F 1-1: Ball 2-1: Swinging Strike 2-2: Ball 3-2: Strikes out swinging
|
|
Batting: RHB Jim O'Sullivan
|
0-0: Ball 1-0: Ball 2-0: Called Strike 2-1: Swinging Strike 2-2: Strikes out looking
|
| Top of the 2nd over - 0 runs, 1 hit, 0 errors, 2 left on base; Palm Beach 0 - Roswell 4 |
| BOTTOM OF THE 2ND |
|
Roswell Invaders batting - Pitching for Palm Beach Nationals : RHP Gabriel Bass
|
|
Batting: SHB Sandy Burke
|
0-0: Ball 1-0: Swinging Strike 1-1: Fly out, F8 (Flyball, 8LD, EV 89.4 MPH)
|
|
Batting: LHB Andrew Moore
|
0-0: Foul Ball, location: 2F 0-1: Ground out 6-3 (Groundball, 6MD, EV 93.1 MPH)
|
|
Batting: LHB Marshall Rives
|
0-0: Swinging Strike 0-1: SINGLE (Flyball, 6MD, EV 91.2 MPH)
|
|
Batting: RHB T.J. House
|
0-0: Ball 1-0: Called Strike 1-1: Swinging Strike 1-2: Ball 2-2: Ball 3-2: SINGLE (Line Drive, 56, EV 104.4 MPH) Marshall Rives to second Marshall Rives to third
|
|
Batting: RHB Juan Mejia
|
0-0: Ball 1-0: Ball 2-0: Ball 3-0: Called Strike 3-1: Base on Balls T.J. House to second
|
|
Batting: LHB Ivan Cortez
|
0-0: Foul Ball, location: 2F 0-1: Ball 1-1: Fly out, F5 (Popup, 25, EV 88.8 MPH)
|
| Bottom of the 2nd over - 0 runs, 2 hits, 0 errors, 3 left on base; Palm Beach 0 - Roswell 4 |
| TOP OF THE 3RD |
|
Palm Beach Nationals batting - Pitching for Roswell Invaders : RHP John Turner
|
|
Batting: SHB Nelson Franco
|
0-0: Ball 1-0: Called Strike 1-1: Ground out 1-3 (Groundball, 15S, EV 66.9 MPH)
|
|
Batting: RHB Lou Ortman
|
0-0: Foul Ball, location: 2F 0-1: Ball 1-1: Swinging Strike 1-2: Foul Ball, location: 2F 1-2: Strikes out swinging
|
|
Batting: RHB Jess Thomas
|
0-0: Foul Ball, location: 2F 0-1: Swinging Strike 0-2: Strikes out swinging
|
| Top of the 3rd over - 0 runs, 0 hits, 0 errors, 0 left on base; Palm Beach 0 - Roswell 4 |
| BOTTOM OF THE 3RD |
|
Roswell Invaders batting - Pitching for Palm Beach Nationals : RHP Gabriel Bass
|
|
Batting: RHB Cullen Kelley
|
0-0: Ball 1-0: Swinging Strike 1-1: Ground out 6-3 (Groundball, 6S, EV 89.4 MPH)
|
|
Batting: LHB Andy Fischer
|
0-0: Ball 1-0: Ball 2-0: Ball 3-0: Called Strike 3-1: SINGLE (Groundball, 34D, EV 97.5 MPH)
|
|
Batting: RHB Dan Long
|
0-0: Foul Ball, location: 2F 0-1: 2-RUN HOME RUN (Flyball, 9LD, EV 93.8 MPH), Distance : 349 ft
|
|
Batting: SHB Sandy Burke
|
0-0: Ball 1-0: SINGLE (Line Drive, 9LS, EV 90.0 MPH)
|
|
Batting: LHB Andrew Moore
|
0-0: Ball 1-0: Foul Ball, location: 2F 1-1: Ball 2-1: Grounds into double play, 6-4-3 (Groundball, 6, EV 106.2 MPH)
|
| Bottom of the 3rd over - 2 runs, 3 hits, 0 errors, 0 left on base; Palm Beach 0 - Roswell 6 |
| TOP OF THE 4TH |
|
Palm Beach Nationals batting - Pitching for Roswell Invaders : RHP John Turner
|
|
Batting: SHB Tim Schulz
|
0-0: Called Strike 0-1: Swinging Strike 0-2: Foul Ball, location: 2F 0-2: Ball 1-2: Ball 2-2: Ball 3-2: Strikes out swinging
|
|
Batting: RHB Ben Lowe
|
0-0: Ball 1-0: Called Strike 1-1: Called Strike 1-2: Strikes out swinging
|
|
Batting: LHB Mike Trentham
|
0-0: Swinging Strike 0-1: Swinging Strike 0-2: Ball 1-2: Ball 2-2: Strikes out swinging
|
| Top of the 4th over - 0 runs, 0 hits, 0 errors, 0 left on base; Palm Beach 0 - Roswell 6 |
| BOTTOM OF THE 4TH |
|
Roswell Invaders batting - Pitching for Palm Beach Nationals : RHP Gabriel Bass
|
|
Batting: LHB Marshall Rives
|
0-0: Foul Ball, location: 2F 0-1: Ball 1-1: Ball 2-1: Ball 3-1: Foul Ball, location: 2F 3-2: Foul Ball, location: 2F 3-2: Base on Balls
|
|
Pitching: RHP Steve Mesa
|
|
|
Batting: RHB T.J. House
|
0-0: 2-RUN HOME RUN (Flyball, 7D, EV 97.5 MPH), Distance : 377 ft
|
|
Batting: RHB Juan Mejia
|
0-0: DOUBLE (Line Drive, 78XD, EV 106.9 MPH)
|
|
Batting: LHB Ivan Cortez
|
0-0: Ball 1-0: Swinging Strike 1-1: Foul Ball, location: 2F 1-2: Ball 2-2: Ball 3-2: Foul Ball, location: 2F 3-2: Base on Balls
|
|
Batting: RHB Cullen Kelley
|
0-0: 3-RUN HOME RUN (Flyball, 9D, EV 97.5 MPH), Distance : 398 ft
|
|
Pitching: RHP Vince Parris
|
|
|
Batting: LHB Andy Fischer
|
0-0: Called Strike 0-1: Swinging Strike 0-2: Ball 1-2: Strikes out swinging
|
|
Batting: RHB Dan Long
|
0-0: Foul Ball, location: 2F 0-1: Called Strike 0-2: Ball 1-2: Strikes out looking
|
|
Batting: SHB Sandy Burke
|
0-0: Ball 1-0: Foul Ball, location: 2F 1-1: Ball 2-1: Foul Ball, location: 2F 2-2: Foul Ball, location: 2F 2-2: Strikes out swinging
|
| Bottom of the 4th over - 5 runs, 3 hits, 0 errors, 0 left on base; Palm Beach 0 - Roswell 11 |
| TOP OF THE 5TH |
|
Palm Beach Nationals batting - Pitching for Roswell Invaders : RHP John Turner
|
|
Batting: RHB Larry Myers
|
0-0: Called Strike 0-1: Fly out, F8 (Flyball, 8RM, EV 86.2 MPH)
|
|
Batting: RHB Abdul-Ra'uf bin Maimun
|
0-0: Ball 1-0: Foul Ball, location: 2F 1-1: SOLO HOME RUN (Flyball, 7LD, EV 95.0 MPH), Distance : 333 ft
|
|
Batting: RHB Jim O'Sullivan
|
0-0: Foul Ball, location: 2F 0-1: Swinging Strike 0-2: Strikes out swinging
|
|
Batting: SHB Nelson Franco
|
0-0: Ball 1-0: Called Strike 1-1: Ball 2-1: Swinging Strike 2-2: Strikes out swinging
|
| Top of the 5th over - 1 run, 1 hit, 0 errors, 0 left on base; Palm Beach 1 - Roswell 11 |
| BOTTOM OF THE 5TH |
|
Roswell Invaders batting - Pitching for Palm Beach Nationals : RHP Vince Parris
|
|
Batting: LHB Andrew Moore
|
0-0: Ball 1-0: Swinging Strike 1-1: Foul Ball, location: 2F 1-2: Foul Ball, location: 2F 1-2: Foul Ball, location: 2F 1-2: Fly out, F5 (Popup, 56S, EV 73.8 MPH)
|
|
Batting: LHB Marshall Rives
|
0-0: Ball 1-0: SINGLE (Line Drive, 9LS, EV 105.0 MPH)
|
|
Batting: RHB T.J. House
|
0-0: Ball 1-0: Fly out, F8 (Flyball, 8RD, EV 97.5 MPH)
|
|
Batting: RHB Juan Mejia
|
0-0: Ball 1-0: Ball 2-0: Ball 3-0: Foul Ball, location: 2F 3-1: Base on Balls Marshall Rives to second
|
|
Batting: LHB Ivan Cortez
|
0-0: Fly out, F7 (Flyball, 7LS, EV 89.4 MPH)
|
| Bottom of the 5th over - 0 runs, 1 hit, 0 errors, 2 left on base; Palm Beach 1 - Roswell 11 |
| TOP OF THE 6TH |
|
Palm Beach Nationals batting - Pitching for Roswell Invaders : RHP John Turner
|
|
Batting: RHB Lou Ortman
|
0-0: Called Strike 0-1: Fly out, F9 (Flyball, 9LM, EV 95.0 MPH)
|
|
Batting: RHB Jess Thomas
|
0-0: Ball 1-0: Ball 2-0: Ball 3-0: Base on Balls
|
|
Batting: SHB Tim Schulz
|
0-0: Foul Ball, location: 2F 0-1: Foul Ball, location: 2F 0-2: Fielders Choice at 2nd, 3-6 (Groundball, 34, EV 103.1 MPH)
|
|
Batting: RHB Ben Lowe
|
0-0: Swinging Strike 0-1: Ball 1-1: Foul Ball, location: 2F 1-2: Fielders Choice at 2nd, 6-4 (Groundball, 6MD, EV 81.2 MPH)
|
| Top of the 6th over - 0 runs, 0 hits, 0 errors, 1 left on base; Palm Beach 1 - Roswell 11 |
| BOTTOM OF THE 6TH |
|
Roswell Invaders batting - Pitching for Palm Beach Nationals : RHP Vince Parris
|
|
Batting: RHB Cullen Kelley
|
0-0: Ground out 4-3 (Groundball, 4, EV 105.6 MPH)
|
|
Batting: LHB Andy Fischer
|
0-0: Ball 1-0: Ball 2-0: SINGLE (Line Drive, 9S, EV 107.5 MPH)
|
|
Batting: RHB Dan Long
|
0-0: SINGLE (Groundball, 6, EV 106.9 MPH) Andy Fischer to second Runner from 2nd tries for 3rd, SAFE, throw by CF made to third
|
|
Batting: SHB Sandy Burke
|
0-0: Foul Ball, location: 2F 0-1: Called Strike 0-2: Hit by Pitch Dan Long to second
|
|
Batting: LHB Andrew Moore
|
0-0: Ball 1-0: Ball 2-0: Ball 3-0: Called Strike 3-1: Foul Ball, location: 2F 3-2: Foul Ball, location: 2F 3-2: Foul Ball, location: 2F 3-2: Base on Balls Andy Fischer scores Dan Long to third Sandy Burke to second
|
|
Batting: LHB Marshall Rives
|
0-0: Ball 1-0: SINGLE (Line Drive, 7S, EV 97.5 MPH) Dan Long scores Sandy Burke to third Andrew Moore to second
|
|
Batting: RHB T.J. House
|
0-0: Ball 1-0: Ball 2-0: Ball 3-0: Base on Balls Sandy Burke scores Andrew Moore to third Marshall Rives to second
|
|
Pitching: RHP William Torres
|
|
|
Batting: RHB Juan Mejia
|
0-0: Ball 1-0: Foul Ball, location: 2F 1-1: Ball 2-1: Ball 3-1: Foul Ball, location: 2F 3-2: Fly out, F9 (Flyball, 9D, EV 109.4 MPH) Runner from 3rd tags up, SCORES, no throw by RF Marshall Rives to third
|
|
Batting: LHB Ivan Cortez
|
0-0: Called Strike 0-1: Called Strike 0-2: Foul Ball, location: 2F 0-2: Hit by Pitch T.J. House to second
|
|
Batting: RHB Cullen Kelley
|
0-0: Ball 1-0: Called Strike 1-1: Called Strike 1-2: Strikes out looking
|
| Bottom of the 6th over - 4 runs, 3 hits, 0 errors, 3 left on base; Palm Beach 1 - Roswell 15 |
| TOP OF THE 7TH |
|
Palm Beach Nationals batting - Pitching for Roswell Invaders : RHP John Turner
|
|
Batting: LHB Mike Trentham
|
0-0: Ground out 6-3 (Groundball, 6, EV 87.5 MPH)
|
|
Batting: RHB Larry Myers
|
0-0: Ball 1-0: Ball 2-0: SINGLE (Flyball, 7LS, EV 99.4 MPH)
|
|
Batting: RHB Abdul-Ra'uf bin Maimun
|
0-0: Swinging Strike 0-1: Ball 1-1: Called Strike Larry Myers steals 2nd base (no throw) 1-2: Strikes out looking
|
|
Batting: RHB Jim O'Sullivan
|
0-0: Ball 1-0: Ball 2-0: Ball 3-0: Base on Balls
|
|
Batting: SHB Nelson Franco
|
0-0: Called Strike 0-1: Called Strike 0-2: Foul Ball, location: 2F 0-2: Foul Ball, location: 2F 0-2: Strikes out swinging
|
| Top of the 7th over - 0 runs, 1 hit, 0 errors, 2 left on base; Palm Beach 1 - Roswell 15 |
| BOTTOM OF THE 7TH |
|
Roswell Invaders batting - Pitching for Palm Beach Nationals : RHP William Torres
|
|
Batting: LHB Andy Fischer
|
0-0: Ball 1-0: Swinging Strike 1-1: Ground out 6-3 (Groundball, 6, EV 88.8 MPH)
|
|
Batting: LHB Nick Walker
|
0-0: SINGLE (Flyball, 78S, EV 95.0 MPH)
|
|
Batting: SHB Sandy Burke
|
0-0: Foul Ball, location: 2F 0-1: Called Strike 0-2: Strikes out swinging
|
|
Batting: LHB Andrew Moore
|
0-0: Foul Ball, location: 2F 0-1: Swinging Strike 0-2: Ball 1-2: Ground out 4-3 (Groundball, 4, EV 93.1 MPH)
|
| Bottom of the 7th over - 0 runs, 1 hit, 0 errors, 1 left on base; Palm Beach 1 - Roswell 15 |
| TOP OF THE 8TH |
|
Palm Beach Nationals batting - Pitching for Roswell Invaders : RHP John Turner
|
|
Batting: RHB Lou Ortman
|
0-0: Ball 1-0: Ball 2-0: Ball 3-0: Base on Balls
|
|
Batting: RHB Jess Thomas
|
0-0: Hit by Pitch Lou Ortman to second
|
|
Pinch Runner at 1st Emery Helm:
|
|
|
Batting: SHB Tim Schulz
|
0-0: Called Strike 0-1: Ball 1-1: Foul Ball, location: 2F 1-2: Foul Ball, location: 2F 1-2: Foul Ball, location: 2F 1-2: Ball 2-2: Strikes out swinging
|
|
Pitching: RHP Adam Beltran
|
|
|
Batting: RHB Ben Lowe
|
0-0: Ball 1-0: Foul Ball, location: 2F 1-1: Called Strike 1-2: Ball 2-2: Foul Ball, location: 2F 2-2: Foul Ball, location: 2F 2-2: Foul Ball, location: 2F 2-2: Ball 3-2: Base on Balls Lou Ortman to third Emery Helm to second
|
|
Batting: LHB Mike Trentham
|
0-0: Ball 1-0: Called Strike 1-1: Swinging Strike 1-2: Ball 2-2: Ball 3-2: Base on Balls Lou Ortman scores Emery Helm to third Ben Lowe to second
|
|
Batting: RHB Larry Myers
|
0-0: Ball 1-0: Fly out, F9 (Flyball, 89M, EV 90.0 MPH)
|
|
Batting: RHB Abdul-Ra'uf bin Maimun
|
0-0: Ball 1-0: Foul Ball, location: 2F 1-1: Ball 2-1: Foul Ball, location: 2F 2-2: Ball 3-2: Fly out, F8 (Line Drive, 8RM, EV 102.5 MPH)
|
| Top of the 8th over - 1 run, 0 hits, 0 errors, 3 left on base; Palm Beach 2 - Roswell 15 |
| BOTTOM OF THE 8TH |
|
Roswell Invaders batting - Pitching for Palm Beach Nationals : RHP William Torres
|
|
Now in LF: Emery Helm
|
|
|
Batting: LHB Marshall Rives
|
0-0: Called Strike 0-1: Ball 1-1: Ball 2-1: Ball 3-1: Base on Balls
|
|
Batting: RHB T.J. House
|
0-0: Reached on error, E5 (Groundball, 56S, EV 86.9 MPH) Marshall Rives to second
|
|
Batting: RHB Juan Mejia
|
0-0: Ball 1-0: Ball 2-0: Called Strike 2-1: Ball 3-1: Called Strike 3-2: Fly out, F8 (Flyball, 8LM, EV 90.0 MPH)
|
|
Batting: LHB Ivan Cortez
|
0-0: Swinging Strike 0-1: Ball 1-1: Fly out, F8 (Line Drive, 8LD, EV 90.6 MPH)
|
|
Pinch Hitting: RHB Benjie Alejandro
|
0-0: Ball 1-0: Called Strike 1-1: Ball 2-1: Foul Ball, location: 2F 2-2: Strikes out looking
|
| Bottom of the 8th over - 0 runs, 0 hits, 1 error, 2 left on base; Palm Beach 2 - Roswell 15 |
| TOP OF THE 9TH |
|
Palm Beach Nationals batting - Pitching for Roswell Invaders : RHP Adam Beltran
|
|
Now at SS: Benjie Alejandro
|
|
|
Pinch Hitting: LHB Dusty Jones
|
0-0: Foul Ball, location: 2F 0-1: Ball 1-1: Swinging Strike 1-2: Ball 2-2: Strikes out swinging
|
|
Pinch Hitting: RHB Greg Bennett
|
0-0: Called Strike 0-1: Ball 1-1: Foul Ball, location: 2F 1-2: DOUBLE (Flyball, 89XD, EV 91.9 MPH)
|
|
Batting: RHB Lou Ortman
|
0-0: Swinging Strike 0-1: Called Strike 0-2: Foul Ball, location: 2F 0-2: Ball 1-2: Ball 2-2: Foul Ball, location: 2F 2-2: Ball 3-2: Strikes out looking
|
|
Pitching: LHP John van Asten
|
|
|
Batting: LHB Emery Helm
|
0-0: Ball 1-0: Ball 2-0: Fly out, F7 (Flyball, 7S, EV 85.6 MPH)
|
| Top of the 9th over - 0 runs, 1 hit, 0 errors, 1 left on base; Palm Beach 2 - Roswell 15 |
|